 Dungeon Crawl Stone Soup version 0.21.1-1-g345015fe64 (webtiles) character file.

1292 DildoBatman the Covered (level 8, -15/64 HPs)
             Began as a Formicid Enchanter on Feb 7, 2018.
             Was a Follower of Ashenzari.
             Demolished by an orc warrior
             ... wielding a +0 glaive
              (18 damage)
             ... on level 7 of the Dungeon.
             The game lasted 00:17:42 (6358 turns).

DildoBatman the Covered (Formicid Enchanter)        Turns: 6358, Time: 00:17:42

Health: -15/64     AC:  7    Str: 15    XL:     8   Next: 86%
Magic:  10/11      EV: 12    Int: 15    God:    Ashenzari [*.....]
Gold:   342        SH:  4    Dex: 11    Spells: 10/11 levels left

rFire    . . .     SeeInvis +   a - +1 mace (venom)
rCold    + . .     Gourm    .   l - +0 buckler
rNeg     . . .     Faith    .   r - +1 ring mail {rC+}
rPois    .         Spirit   .   (helmet unavailable)
rElec    .         Reflect  .   (no cloak)
rCorr    .         Harm     .   (no gloves)
MR       .....                  (no boots)
Stlth    ++........             (no amulet)
HPRegen  0.20/turn              (no ring)
MPRegen  0.12/turn              (no ring)

@: lethally poisoned (-15 -> -17)
A: permanent stasis, dig shafts and tunnels, four strong arms, antennae 3
a: Dig, Shaft Self, Curse Item, Scrying, Renounce Religion


You were on level 7 of the Dungeon.
You worshipped Ashenzari.
Ashenzari was aware of your devotion.
You were hungry.

You visited 2 branches of the dungeon, and saw 8 of its levels.

You collected 342 gold pieces.

Inventory:

Hand Weapons
 a - a +1 mace of venom (weapon)
 b - a +1 dagger of electrocution
 c - a +1 hand axe of venom
Armour
 f - a +1 plate armour of fire resistance
 l - a +0 buckler (worn)
 r - a +1 ring mail of cold resistance (worn)
Scrolls
 d - a scroll of fog {unknown}
 e - 9 scrolls of identify
 g - 2 scrolls of remove curse
 i - a scroll of blinking {unknown}
 j - a scroll of random uselessness {unknown}
 m - 4 scrolls of magic mapping
 q - a scroll of teleportation {unknown}
Potions
 h - a potion of ambrosia {unknown}
 k - a potion of degeneration {unknown}
 n - a potion of resistance
 o - a potion of might {unknown}
 p - 2 potions of curing
 s - a potion of flight {unknown}
Books
 t - a book of Maledictions

   Spells                             Type                      Level
   a - Corona                         Hexes                        1
   b - Ensorcelled Hibernation        Hexes/Ice                    2
   c - Confuse                        Hexes                        3
   d - Tukima's Dance                 Hexes                        3
   e - Dazzling Spray                 Conjuration/Hexes            3
Comestibles
 v - 12 rations


   Skills:
 * Level 6.0 Fighting
 - Level 1.0 Short Blades
 * Level 6.0 Armour
 * Level 4.0 Dodging
 * Level 6.0 Stealth
 * Level 3.0 Shields
 - Level 2.1 Spellcasting
 - Level 3.6 Hexes


You had 10 spell levels left.
You knew the following spells:

 Your Spells              Type           Power        Failure   Level  Hunger
a - Corona                Hex            ##.....      9%          1    #......


Dungeon Overview and Level Annotations

Branches:
Dungeon (7/15)             Temple (1/1) D:4

Altars:
Ashenzari
Cheibriados
Dithmenos
Fedhas
Gozag
Kikubaaqudgha
Makhleb
Nemelex Xobeh
Okawaru
Qazlal
Vehumet
Wu Jian
Yredelemnul
Zin
The Shining One
Lugonu

Annotations:
D:4 DildoBatman's ghost, amateur FoEn


Innate Abilities, Weirdness & Mutations

You cannot be hasted, slowed, berserked, paralysed or teleported.
You can dig through walls and to a lower floor.
Your four strong arms can wield two-handed weapons with a shield.
You have a pair of large antennae on your head. (SInv)


Message History

It is a wand of enslavement (7).
The orc priest moves out of view.
Items here: % ) ? [ †††† You hit the orc priest.
The orc priest is heavily wounded.
You feel sick. The orc priest barely misses you.
The orc priest mumbles some strange prayers to Beogh against you.
Beogh smites you!
An orc wizard comes into view.
Ashenzari warns you: It is wielding a dagger and carrying a wand of flame (12).
Casting: Corona
Confirm with . or Enter, or press ? or * to list all spells.
Aiming: Corona
Press: ? - help, Shift-Dir - straight line, f - orc priest
Aim: an orc priest, wielding a short sword, wearing a leather armour and carrying a wand of enslavement (7) (heavily wounded, chance to defeat MR: 49%)
The orc priest is outlined in light.
You feel sick.
The orc warrior hits you from afar with a glaive!!
You die...

#.......'.........')..
##...####.........####
##.## ##.......## #
###.# ##.....## #...#
##...## #...### ##'##
#.....# #.# ##.##.#
#.# #.##@## ##.##
#.##o.# ##...##
#.###o# #.....######
### .o.. ##.........#
..≈....##.#.).....
..(≈%....#.#..###.#
y.≈≈≈≈≈...##...# #.#
..{{?≈......##.## #.#
..yoo$≈(..... #.# #.#


You could see an orc warrior, an orc priest and an orc wizard.

Vanquished Creatures
  An ogre (D:5)
  3 centaurs
  A bullfrog (D:6)
  A scorpion (D:5)
  5 killer bees (D:7)
  A howler monkey (D:4)
  3 crimson imps
  A bullfrog skeleton (D:5)
  An orc priest (D:4)
  A hound (D:4)
  A centaur skeleton (D:4)
  3 orc wizards
  Jessica (D:6)
  2 worker ants
  2 hound skeletons (D:5)
  A howler monkey skeleton (D:4)
  6 adders
  An adder zombie (D:5)
  2 adder skeletons
  3 leopard geckos
  21 orcs
  10 giant cockroaches
  5 goblins
  2 hobgoblins
  18 jackals
  2 quokkas
  A ball python skeleton (D:4)
  6 bats
  7 frilled lizards
  A jackal zombie (D:7)
  9 kobolds
  6 rats
128 creatures vanquished.

Notes
Turn   | Place    | Note
-------+----------+-------------------------------------------
     0 | D:1      | DildoBatman the Formicid Enchanter began the quest for the Orb.
     0 | D:1      | Reached XP level 1. HP: 13/13 MP: 3/3
   105 | D:1      | Reached skill level 1 in Fighting
   160 | D:1      | Reached XP level 2. HP: 7/22 MP: 3/5
   572 | D:1      | Reached XP level 3. HP: 15/28 MP: 6/6
  1267 | D:2      | Found a radiant altar of Vehumet.
  1269 | D:2      | Found a burning altar of Makhleb.
  1466 | D:2      | Reached XP level 4. HP: 23/35 MP: 7/7
  1517 | D:2      | Found a blossoming altar of Fedhas.
  1640 | D:2      | Reached skill level 1 in Armour
  1648 | D:2      | Found a shattered altar of Ashenzari.
  1648 | D:2      | Found a basalt altar of Yredelemnul.
  1660 | D:2      | Became a worshipper of Ashenzari the Shackled
  2224 | D:3      | Found a faded altar of an unknown god.
  2771 | D:4      | Reached XP level 5. HP: 41/41 MP: 8/8
  3706 | D:4      | Found a staircase to the Ecumenical Temple.
  3711 | Temple   | Entered the Ecumenical Temple
  3782 | D:4      | Reached XP level 6. HP: 44/47 MP: 9/9
  4103 | D:4      | Found an opulent altar of Gozag.
  4115 | D:4      | Noticed DildoBatman's ghost (amateur FoEn)
  4120 | D:4      | Found a shattered altar of Ashenzari.
  4184 | D:4      | Reached skill level 1 in Shields
  4257 | D:5      | Entered Level 5 of the Dungeon
  4558 | D:5      | Noticed an ogre
  4558 | D:5      | Reached XP level 7. HP: 52/55 MP: 10/10
  4893 | D:5      | Reached skill level 5 in Fighting
  4973 | D:5      | Reached skill level 5 in Armour
  5179 | D:5      | Reached XP level 8. HP: 46/62 MP: 11/11
  5369 | D:6      | Reached skill level 5 in Stealth
  5488 | D:6      | Found a sparkling altar of Nemelex Xobeh.
  5488 | D:6      | Noticed Jessica
  5494 | D:6      | Killed Jessica
  6116 | D:7      | Reached * piety under Ashenzari
  6358 | D:7      | HP: 3/64 [poisoned by a killer bee]
  6358 | D:7      | Demolished by an orc warrior

Skill      XL: |  1  2  3  4  5  6  7  8 |
---------------+-------------------------+-----
Fighting       | 1 2 3 4 5 6 |  6.0
Dodging        | 2 3 4 |  4.0
Armour         | 2 3 4 5 6 |  6.0
Stealth        | 4 6 |  6.0
Shields        | 1 3 |  3.0
Short Blades   | |  1.0
Spellcasting   | |  2.1
Hexes          | |  3.6

Action                   |  1- 3 |  4- 6 |  7- 9 || total
-------------------------+-------+-------+-------++-------
Melee: Mace              |   202 |    70 |   157 ||   429
       Dagger            |     1 |   150 |     6 ||   157
       Falchion          |       |    92 |       ||    92
       Hand axe          |       |    17 |       ||    17
 Cast: Corona            |     1 |     1 |     5 ||     7
 Abil: Dig               |     2 |     4 |     1 ||     7
  Use: Scroll            |       |     2 |       ||     2
       Potion            |       |     2 |       ||     2
 Stab: Sleeping          |       |       |     1 ||     1
  Eat: Chunk             |     3 |    10 |     6 ||    19
Armor: Plate armour      |   297 |   252 |       ||   549
       Ring mail         |     1 |     1 |    38 ||    40
Dodge: Dodged            |    53 |    71 |   110 ||   234
Block: Buckler           |       |       |    29 ||    29
       Rpst.: Falchion   |       |     7 |       ||     7
